 Dungeon Crawl Stone Soup version 0.25.1-1-g288607f5aa (webtiles) character file.

Game seed: 805104872058380558

100 Hss the Cudgeler (level 4, -11/41 HPs)
             Began as a Minotaur Berserker on July 24, 2020.
             Was a Follower of Trog.
             Killed by divine providence
             ... invoked by an orc priest
              (14 damage)
             ... on level 4 of the Dungeon.
             The game lasted 00:02:51 (1159 turns).

Hss the Cudgeler (Minotaur Berserker)               Turns: 1159, Time: 00:02:52

Health: -11/41     AC:  2    Str: 23    XL:     4   Next: 46%
Magic:  3/3        EV: 12    Int:  4    God:    Trog [*.....]
Gold:   54         SH:  0    Dex:  9    Spells: 3/3 levels left

rFire    . . .     SeeInvis .   a - +0 mace
rCold    . . .     Gourm    .   (no shield)
rNeg     . . .     Faith    .   b - +0 animal skin
rPois    .         Spirit   .   (helmet restricted)
rElec    .         Reflect  .   (no cloak)
rCorr    .         Harm     .   (no gloves)
MR       .....                  (no boots)
Stlth    +.........             (no amulet)
HPRegen  0.13/turn              (no ring)
MPRegen  0.08/turn              (no ring)

@: no status effects
A: retaliatory headbutt, horns 2
a: Berserk, Renounce Religion


You were on level 4 of the Dungeon.
You worshipped Trog.
Trog was aware of your devotion.
You were not hungry.

You visited 1 branch of the dungeon, and saw 3 of its levels.

You collected 54 gold pieces.

Inventory:

Hand Weapons
 a - a +0 mace (weapon)
Armour
 b - a +0 animal skin (worn)
Scrolls
 e - a scroll of fog
 i - a scroll of remove curse {unknown}
 j - a scroll of random uselessness {unknown}
Potions
 g - a potion of haste {unknown}
 h - a potion of heal wounds {unknown}
Comestibles
 c - 5 rations
 f - a chunk of flesh


   Skills:
 + Level 4.6 Fighting
 + Level 5.1 Maces & Flails
 + Level 2.7 Armour
 + Level 2.9 Dodging


You had 3 spell levels left.
You didn't know any spells.
Your spell library was empty.

Dungeon Overview and Level Annotations

Branches:
Dungeon (2/15)

Altars:


Innate Abilities, Weirdness & Mutations

You reflexively headbutt those who attack you in melee.
You have a pair of horns on your head.


Message History

The orc priest is heavily wounded.
The orc priest mumbles some strange prayers to Beogh against you.
Pain shoots through your body!
You are too injured to fight recklessly!
You are too injured to fight recklessly!
You are too injured to fight recklessly!
You are too injured to fight recklessly!
Unknown command.
You barely miss the orc priest.
The orc priest is heavily wounded.
The orc priest hits you with a +0 dagger.
The orc priest mumbles some strange prayers to Beogh against you.
Beogh smites you!
* * * LOW HITPOINT WARNING * * *
You hit the orc priest.
The orc priest is severely wounded.
The orc priest barely misses you.
The orc priest invokes the aid of Beogh against you.
Beogh smites you!
You die...

## ... ..##########
.........#.###.####
#.#.............
#.[(###.###.####
#.#.###.....#
#@#......####
#o#.###..# #o#.#
##)# ## #o#.####.#
#.
.....#<..########.
###.###...........
#.#########. #.
........ ..
########


You could see 2 orc priests and an orc.

Vanquished Creatures
  An ogre (D:4)
  An orc (D:4)
  3 bats (D:1)
  2 giant cockroaches
  2 goblins (D:1)
  5 hobgoblins (D:1)
  4 rats (D:1)
18 creatures vanquished.

Notes
Turn   | Place    | Note
-------+----------+-------------------------------------------
     0 | D:1      | Hss the Minotaur Berserker began the quest for the Orb.
     0 | D:1      | Reached XP level 1. HP: 19/19 MP: 0/0
   216 | D:1      | Reached skill level 4 in Maces & Flails
   216 | D:1      | Reached XP level 2. HP: 27/27 MP: 1/1
   996 | D:2      | You fall into a shaft and drop 2 floors!
  1043 | D:4      | Noticed an ogre
  1048 | D:4      | Killed an ogre
  1048 | D:4      | Reached skill level 5 in Maces & Flails
  1048 | D:4      | Reached XP level 3. HP: 24/34 MP: 2/2
  1048 | D:4      | Reached XP level 4. HP: 29/41 MP: 3/3
  1158 | D:4      | HP: 2/41 [orc priest/divine providence (15)]
  1159 | D:4      | Killed from afar by an orc priest

Illustrated notes

Levels and vault maps discovered:
D:1:      ebering_trefoil_3fold, layout_basic
D:2:      layout_loops_corners, chequers_ecumenical_altar_island
D:4:      layout_basic, minmay_temple_entry_nine_rooms, hangedman_decor_lopped,
          serial_bayou_pond_c

Skill      XL: |  1  2 |
---------------+-------+-----
Maces & Flails | 4 5 |  5.1
Fighting       | 4 |  4.6
Armour         | |  2.7
Dodging        | |  2.9

Action                   |  1- 3 |  4- 6 || total
-------------------------+-------+-------++-------
Melee: Mace              |    34 |     6 ||    40
       Headbutt          |     4 |     1 ||     5
  Use: Scroll            |     1 |       ||     1
  Eat: Chunk             |       |     1 ||     1
Armor: Animal skin       |     2 |     1 ||     3
Dodge: Dodged            |    24 |     2 ||    26
